 Dungeon Sprint DCSS version 0.20.1-1-g8b1a95d (webtiles) character file.

5 suicidejoker the Sneak (level 2, 0/21 HPs)
             Began as an Octopode Monk on Aug 28, 2017.
             Was a Priest of Cheibriados.
             Slain by a necrophage (4 damage)
             ... in the Dungeon (Sprint VI: "Thunderdome").
             The game lasted 00:01:18 (164 turns).

suicidejoker the Sneak (Octopode Monk)               Turns: 164, Time: 00:01:18

Health: 0/21       AC:  1    Str: 17    XL:     2   Next: 58%
Magic:  4/4        EV: 15    Int: 19    God:    Cheibriados [***...]
Gold:   210        SH:  0    Dex: 21    Spells: 3/3 levels left

rFire    . . .     SeeInvis .     - Unarmed
rCold    . . .     Gourm    .   (no shield)
rNeg     . . .     Faith    .   (helmet restricted)
rPois    .         Spirit   .   (no amulet)
rElec    .         Reflect  .   (no ring)
rCorr    .         Harm     .   (no ring)
MR       .....     NoTele   +   (no ring)
Stlth    ++++......             (no ring)
Regen    0.1/turn               (no ring)
MPRegen  0.1/turn               (no ring)
                                (no ring)
                                (no ring)

@: very slow
A: almost no armour, stealthy swim, amphibious, 8 rings, constrict 8, camouflage
1, gelatinous body 1
a: Bend Time, Temporal Distortion, Renounce Religion


You were in the Dungeon.
You worshipped Cheibriados.
Cheibriados was most pleased with you.
You were not hungry.

You visited 1 branch You collected 210 gold pieces.

Inventory:

Wands
 h - a wand of acid (5/15)
 i - a wand of iceblast (5/15)
Scrolls
 g - 4 scrolls of blinking
 j - 3 scrolls of fog
Potions
 b - a potion of curing
 c - 4 potions of heal wounds
 d - 4 potions of haste
 e - 2 potions of magic
 f - a potion of berserk rage
 k - a potion of resistance
Comestibles
 a - a bread ration


   Skills:
 + Level 3.4 Fighting
 + Level 3.6 Dodging
 + Level 3.8 Stealth
 + Level 3.6 Unarmed Combat
 + Level 1.3 Spellcasting
 + Level 2.1 Evocations


You had 3 spell levels left.
You didn't know any spells.

Dungeon Overview and Level Annotations

Branches:
Dungeon (1/1)

Altars:
Cheibriados
Dithmenos
Fedhas
Gozag
Kikubaaqudgha
Makhleb
Okawaru
Qazlal
Ru
Trog
Uskayaw
Vehumet
Yredelemnul
Zin
Beogh
Jiyva

Shops:
D *[%??*?*:[(


Innate Abilities, Weirdness & Mutations

You cannot wear most types of armour.
You are very stealthy in the water. (Stealth+)
You are amphibious.
You can wear up to eight rings at the same time.
You can use your tentacles to constrict eight enemies at once.
Your skin changes colour to match your surroundings (Stealth+).
Your rubbery body absorbs attacks. (AC +1, EV +1)


Message History

A necrophage is nearby!
A necrophage comes into view.
There is a stormy altar of Qazlal here.
An adder zombie comes into view.
The necrophage misses you.
You tentacle-slap the necrophage. Your grab misses the necrophage.
The necrophage is moderately damaged.
The necrophage hits you!
* * * LOW HITPOINT WARNING * * *
You tentacle-slap the necrophage. You grab the necrophage.
You squeeze the necrophage, but do no damage.
The necrophage is heavily damaged.
You constrict the necrophage. The necrophage closely misses you.
You tentacle-slap the necrophage.
The necrophage is severely damaged.
You constrict the necrophage. The necrophage barely misses you.
You tentacle-slap the necrophage.
The necrophage is almost destroyed.
You constrict the necrophage. The necrophage hits you.
You die...

###.........###
#⌠...........⌠#
######.8.........8.##
##∩__.......###......_
###∩........8.# #.8.....
##.............###.......
#⌠..........###n..###....
#⌠..........# #.<.# ....
#⌠....Z.@n..###...# ....
##.............###.. ....
###∩........8.# .8.. ..
##∩___......###......
######.8.n.......8.#
#⌠...........⌠#
###.........### #_.......
#_.......


You could see 2 necrophages and an adder zombie.

Vanquished Creatures
  A river rat (D)
  An adder zombie (D)
  2 quokkas (D)
  A rat (D)
5 creatures vanquished.

Notes
Turn   | Place    | Note
-------+----------+-------------------------------------------
     0 | D        | suicidejoker the Octopode Monk began the quest for the Orb.
     0 | D        | Reached XP level 1. HP: 16/16 MP: 1/1
     1 | D        | Found a sacrificial altar of Ru.
     2 | D        | Found a bloodstained altar of Trog.
     2 | D        | Found a shadowy altar of Dithmenos.
     3 | D        | Found a snail-covered altar of Cheibriados.
     3 | D        | Found a glowing silver altar of Zin.
     4 | D        | Found a blossoming altar of Fedhas.
     4 | D        | Found an opulent altar of Gozag.
     4 | D        | Found Siah's Staff Store.
     4 | D        | Found Jecu's Magic Scroll Shop.
     5 | D        | Found a basalt altar of Yredelemnul.
     5 | D        | Found Ticricwu's Must-Have Magic.
     5 | D        | Found Irukeg's Magic Scroll Shop.
     5 | D        | Round 1.
    24 | D        | Found an ancient bone altar of Kikubaaqudgha.
    26 | D        | Found a hide-covered altar of Uskayaw.
    26 | D        | Found Qamotoepp's Bee Food.
    26 | D        | Found Zuokh's Jewellery.
    32 | D        | Found Boligrin's Advanced Armour.
    32 | D        | Found a burning altar of Makhleb.
    32 | D        | Found an iron altar of Okawaru.
    32 | D        | Found a radiant altar of Vehumet.
    32 | D        | Found Mirchut's Identification Station.
    42 | D        | Became a worshipper of Cheibriados the Contemplative
    42 | D        | Reached * piety under Cheibriados
    42 | D        | Reached ** piety under Cheibriados
    46 | D        | Reached skill level 1 in Spellcasting
    46 | D        | Reached skill level 1 in Evocations
    46 | D        | Reached XP level 2. HP: 6/21 MP: 1/3
   126 | D        | Arena points: 5 (+5) [x1]
   136 | D        | Round 2.
   143 | D        | Reached *** piety under Cheibriados
   144 | D        | Found a stormy altar of Qazlal.
   149 | D        | Found a roughly hewn altar of Beogh.
   149 | D        | Found a viscous altar of Jiyva.
   149 | D        | Found Viwydeet's Premium Goods.
   149 | D        | Found Nodghimy's Miscellaneous Merchandise.
   150 | D        | Found Baetiam's Basic Armour.
   153 | D        | Noticed a necrophage
   154 | D        | Noticed a necrophage
   164 | D        | Slain by a necrophage

Skill      XL: |  1  2 |
---------------+-------+-----
Stealth        | 3 |  3.8
Spellcasting   | 1 |  1.3
Evocations     | 1 2 |  2.1
Fighting       | |  3.4
Dodging        | |  3.6
Unarmed Combat | |  3.6

Action                   || total
-------------------------++-------
Melee: Unarmed           ||    16
       Tentacles         ||     5
       Constrict         ||     3
 Stab: Distracted        ||     2
Dodge: Dodged            ||     9
